 Dungeon Crawl Stone Soup version 0.28.0-53-g5a82cb258f (webtiles) character file.

Game seed: 9431950695907036955

127747 quokkamancerX the Brawler (level 16, -11/117 (158) HPs)
             Began as a Troll Monk on June 26, 2022.
             Was the Champion of Ru.
             Killed from afar by an orc sorcerer (24 damage)
             ... with a bolt of negative energy
             ... on level 2 of the Orcish Mines on June 27, 2022.
             The game lasted 01:22:40 (23326 turns).

quokkamancerX the Brawler (Troll Monk)             Turns: 23326, Time: 01:22:41

HP:   -11/117 (158) AC:  8    Str: 32    XL:     16   Next: 46%
MP:   8/15          EV: 11    Int:  6    God:    Ru [******]
Gold: 2245          SH:  0    Dex: 16    Spells: 15/15 levels left

rFire   . . .      SeeInvis .     - Unarmed
rCold   . . .      Faith    .   (no shield)
rNeg    . . .      Spirit   .   U - +0 ice dragon scales
rPois   .          Reflect  .   G - +2 hat
rElec   .          Harm     .   d - +2 cloak
rCorr   .          Rampage  .   (gloves unavailable)
Will    +....                   (boots unavailable)
Stlth   ..........              (no amulet)
HPRegen 1.09/turn               j - ring of protection from fire
MPRegen 0.14/turn               S - ring of Spite {rF+ rC- Str+3 Dex+4 Slay+4}

@: exhausted, corroded, hasted, studying Earth Magic, very heavily drained,
unable to read, very quick
A: large, unfitting armour, claws 3, frail 1, regeneration 1, shaggy fur 1,
tough skin 1, inability to read while threatened, hated by all, temperature
sensitive
a: Renounce Religion, Draw Out Power, Power Leap, Apocalypse


You were on level 2 of the Orcish Mines.
You worshipped Ru.
Ru was exalted by your worship.
You visited 4 branches of the dungeon, and saw 21 of its levels.
You also visited: Sewer, Bailey and Ice Cave.

You collected 2281 gold pieces.
You spent 36 gold pieces at shops.

Inventory:

Missiles
 m - a silver boomerang
 p - 6 large rocks (quivered)
 r - 4 javelins
 z - 5 boomerangs
 C - 5 throwing nets
 M - 5 curare-tipped darts
Armour
 d - a +2 cloak (worn)
 x - +0 swamp dragon scales
 G - a +2 hat (worn)
 U - +0 ice dragon scales (worn)
Jewellery
 a - a ring of protection from cold
 j - a ring of protection from fire (left claw)
 B - a ring of willpower
 S - the ring of Spite (right claw) {rF+ rC- Str+3 Dex+4 Slay+4}
   (You found it on level 2 of the Lair of Beasts)

   [ring of slaying]

   Str:       It affects your strength (+3).
   Dex:       It affects your dexterity (+4).
   Slay:      It affects your accuracy & damage with ranged weapons and melee
   (+4).
   rF:        It protects you from fire.
   rC:        It makes you vulnerable to cold.
Wands
 t - a wand of paralysis (3)
 v - a wand of acid (6)
 E - a wand of iceblast (6)
 F - a wand of flame (14)
 I - a wand of polymorph (10)
 K - a wand of digging (6)
Scrolls
 c - 8 scrolls of vulnerability
 g - 3 scrolls of blinking
 h - 16 scrolls of teleportation
 i - a scroll of silence
 o - 2 scrolls of magic mapping
 w - 4 scrolls of enchant weapon
 y - a scroll of fear
 L - a scroll of fog
 W - 5 scrolls of enchant armour
Potions
 b - 4 potions of flight
 e - 7 potions of mutation
 f - 4 potions of curing
 k - 5 potions of attraction
 l - a potion of brilliance {unknown}
 n - 6 potions of heal wounds
 q - 3 potions of haste
 s - 7 potions of lignification
 u - a potion of ambrosia {unknown}
 A - 2 potions of might {unknown}
 D - 4 potions of resistance {unknown}
 R - a potion of cancellation
 T - 3 potions of invisibility {unknown}


   Skills:
 - Level 15.0 Fighting
 - Level 15.0 Throwing
 + Level 6.3 Dodging
 - Level 1.0 Stealth
 - Level 15.0 Unarmed Combat


You had 15 spell levels left.
You didn't know any spells.
Your spell library contained the following spells:

 Spells                   Type           Power      Damage    Failure   Level
 Shock                    Conj/Air       0%         1d3       77%         1
 Slow                     Hex            0%         N/A       77%         1
 Corpse Rot               Necr/Air       0%         N/A       88%         2
 Poisonous Vapours        Pois/Air       0%         N/A       88%         2
 Confusing Touch          Hex            0%         N/A       98%         3
 Gell's Gravitas          Tloc           0%         N/A       98%         3
 Ignite Poison            Fire/Tmut/Pois 0%         N/A       98%         3
 Inner Flame              Hex/Fire       0%         N/A       98%         3
 Mephitic Cloud           Conj/Pois/Air  0%         N/A       98%         3
 Ozocubu's Armour         Ice            0%         N/A       98%         3
 Portal Projectile        Hex/Tloc       0%         N/A       98%         3
 Swiftness                Air            0%         N/A       98%         3
 Teleport Other           Tloc           0%         N/A       98%         3
 Vampiric Draining        Necr           0%         2d6       98%         3
 Airstrike                Air            0%         N/A       100%        4
 Cause Fear               Hex            0%         N/A       100%        4
 Dispel Undead            Necr           0%         3d6       100%        4
 Leda's Liquefaction      Hex/Erth       0%         N/A       100%        4
 Freezing Cloud           Conj/Ice/Air   0%         6-21      100%        5
 Metabolic Englaciation   Hex/Ice        0%         N/A       100%        5
 Yara's Violent Unravell  Hex/Tmut       0%         3d3       100%        5
 Dispersal                Tloc           0%         N/A       100%        6
 Enfeeble                 Hex            0%         N/A       100%        7
 Orb of Destruction       Conj           0%         9d5       100%        7
 Ozocubu's Refrigeration  Ice            0%         4d5       100%        7
 Discord                  Hex            0%         N/A       100%        8
 Call Canine Familiar     Summ           Unusable   N/A       N/A         3
 Summon Guardian Golem    Hex/Summ       Unusable   N/A       N/A         3
 Death Channel            Necr           Unusable   N/A       N/A         6
 Simulacrum               Ice/Necr       Unusable   N/A       N/A         6
 Spellforged Servitor     Conj/Summ      Unusable   N/A       N/A         7

Dungeon Overview and Level Annotations

Branches:
Dungeon (12/15)            Temple (1/1) D:5            Lair (6/6) D:9
  Swamp (0/4) Lair:3       Spider (0/4) Lair:3        Slime (0/5) Lair:5
    Orc (2/2) D:11            Elf (0/3) Orc:2         Sewer (visited)
 Bailey (visited)           IceCv (visited)

Altars:
Ashenzari
Cheibriados
Dithmenos
Elyvilon
Fedhas
Gozag
Hepliaklqana
Kikubaaqudgha
Makhleb
Nemelex Xobeh
Okawaru
Qazlal
Ru
Sif Muna
Trog
Uskayaw
Vehumet
Wu Jian
Xom
Yredelemnul
Zin
The Shining One
Beogh

Shops:
D:12 *   Orc:2 ?(

Annotations:
D:3 3 runed translucent doors, fleeber's ghost, amateur MiBe
D:10 1 runed translucent door, Valamore's ghost, journeyman DEEE


Innate Abilities, Weirdness & Mutations

You are too large for most types of armour.
You have claws for hands.
You are frail. (-10% HP)
Your natural rate of healing is unusually fast.
You are covered in fur. (AC +1)
You have tough skin. (AC +1)
You sometimes lose the ability to read scrolls when taking damage.
You are hated by all.
You are sensitive to extremes of temperature. (rF-, rC-)


Message History

The orc warrior is almost dead.
The rust devil closely misses you.
The orc warrior hits you with a +0 battleaxe!
You claw the orc sorcerer!
The orc sorcerer is moderately wounded.
The orc priest begins to pray, but is stunned by your conviction!
The orc sorcerer hits you but does no damage.
The rust devil hits you. The rust devil corrodes you!
The orc warrior hits you with a +0 battleaxe!!
You feel threatened and lose the ability to read scrolls!
You barely miss the orc sorcerer. You claw the orc sorcerer.
The orc sorcerer is moderately wounded.
The orc sorcerer points at you and mumbles some strange words.
The bolt of fire hits you!! The rust devil misses you.
You redirect the orc knight's attack!
The orc knight shouts!
You closely miss the orc sorcerer.
The orc sorcerer is moderately wounded.
The orc sorcerer gestures at you while chanting.
The bolt of negative energy hits you!!
You feel drained.
* * * LOW HITPOINT WARNING * * *
Okay, then.
The rust devil is stunned by your conviction and fails to attack.
The orc knight roars a battlecry!
The orcs go into a battle-frenzy!
The orc priest begins to pray, but is stunned by your conviction!
You feel yourself speed up.
The orc high priest is no longer paralysed.
The rust devil misses you. The orc warrior barely misses you.
The orc high priest begins to pray, but is stunned by your conviction!
Something hits you.
* * * LOW HITPOINT WARNING * * *
The orc high priest prays to Beogh.
Things that are here:
a +0 great sword; a +0 plate armour
Items here: ) [ ÷ †.
You see here a +0 glaive.
The orc sorcerer gestures at you while chanting.
The bolt of negative energy hits you!!
You feel drained.
You die...

))................
))................
.............##..
.).).......)..###
))))............##
.............)...##
........#####.)...##
..........#####.)..#
..#.#..####..###@..#
...#####..÷.÷.##)).#
#...# ∩.÷...÷.#4).##
#..## ...÷..o)o)o.#
# .# ....§.o÷.÷.##
..÷.).)..o##
....).÷.3.#
∩.......###
##....÷##


You could see an orc knight, a sun demon (summoned), a rust devil (summoned), an
orc sorcerer (strong) and an orc warrior (strong).

Vanquished Creatures
  A sphinx (D:11)
  2 azure jellies (IceCv)
  2 quicksilver oozes (IceCv)
  The ghost of Kranky the Slinger, a journeyman GnWn of Okawaru (Lair:2)
  An ice dragon (Lair:6)
  Fannar (Lair:1)
  A fire dragon (Lair:6)
  Harold (D:7)
  5 boulder beetles
  8 hydras
  The ghost of DocClef the Wrestler, a journeyman VSFi of Hepliaklqana (Lair:3)
  A catoblepas (D:10)
  5 two-headed ogres
  11 death yaks
  A tengu warrior (D:8)
  3 orc high priests (Orc:2)
  20 slime creatures
  A deep troll (D:11)
  A swamp dragon (Lair:6)
  3 orc knights (Orc:2)
  Pikel (D:4)
  2 lindwurms
  A cyclops (D:11)
  4 orc sorcerers
  A moth of wrath (Lair:2)
  An ugly thing (D:11)
  2 centaur zombies
  2 manticores
  2 ice statues (IceCv)
  5 elephants (Lair:2)
  3 black mambas
  4 torpor snails (Lair:6)
  Maggie (D:9)
  3 rime drakes
  4 gargoyles
  3 kobold demonologists (D:8)
  4 unseen horrors
  25 cane toads
  A yaktaur (D:11)
  2 entropy weaver simulacra (IceCv)
  9 komodo dragons
  5 trolls
  A polar bear (Lair:4)
  5 tyrant leeches
  Grinder (D:3)
  8 hornets
  Prince Ribbit (D:8)
  18 blink frogs
  16 dream sheep
  2 jumping spiders (Lair:3)
  3 shadows
  A culicivora (Lair:3)
  3 spriggans (Lair:3)
  A wraith (D:12)
  3 wyverns
  A vampire (Bailey)
  30 yaks
  Grum (D:8)
  4 basilisks
  3 redbacks (Lair:3)
  A swamp worm (Lair:3)
  3 wargs (Orc:2)
  6 acid dragons
  2 demonic crawler simulacra (IceCv)
  13 water moccasins
  19 orc warriors
  3 swamp drakes
  5 ugly thing simulacra (IceCv)
  A black bear (D:9)
  2 sky beasts (D:6)
  2 ice beasts
  8 ogres
  A boggart (Lair:3)
  25 wolves
  4 centaurs
  A lemure (D:4)
  12 kobold brigands
  17 bullfrogs
  5 gnoll sergeants
  Blork the orc (D:6)
  4 glowing shapeshifter simulacra (IceCv)
  2 scorpions
  A water moccasin skeleton (D:7)
  8 killer bees (D:9)
  3 wights (D:6)
  A howler monkey (D:12)
  8 wolf zombies (Bailey)
  8 vampire bats (Bailey)
  A bullfrog zombie (D:5)
  9 orc priests
  A centaur skeleton (D:7)
  2 hounds
  18 orc wizards
  3 iguanas
  Robin (D:3)
  9 gnolls
  15 adders
  A river rat (Sewer)
  A shadow imp (D:6)
  13 white imps
  An ufetubus (D:5)
  An adder skeleton (D:4)
  8 worms
  5 dart slugs
  66 orcs
  8 ball pythons
  4 bats (D:1)
  2 bat zombies (D:6)
  9 endoplasms
  3 giant cockroaches
  12 goblins
  11 hobgoblins
  13 kobolds
  7 quokkas
  7 frilled lizards
  20 orc zombies (Bailey)
  11 rats
  A rat zombie (D:6)
  A plant (Lair:6)
687 creatures vanquished.

Vanquished Creatures (others)
  A boulder beetle (Orc:2)
  An unseen horror (D:11)
  A torpor snail (Lair:6)
  A slime creature (IceCv)
  An ice beast (D:8)
  A wolf (Lair:1)
  An orc wizard (Orc:2)
  An orc (Orc:2)
  60 fungi
  86 plants
154 creatures vanquished.

Grand Total: 841 creatures vanquished

Notes
Turn   | Place    | Note
-------+----------+-------------------------------------------
     0 | D:1      | quokkamancerX the Troll Monk began the quest for the Orb.
     0 | D:1      | Reached XP level 1. HP: 22/22 MP: 0/0
   176 | D:1      | Reached XP level 2. HP: 29/29 MP: 1/1
   500 | D:1      | Reached XP level 3. HP: 36/36 MP: 2/2
   803 | D:2      | Found a faded altar of an unknown god.
   916 | D:2      | Reached XP level 4. HP: 32/44 MP: 3/3
   987 | D:2      | Reached skill level 5 in Unarmed Combat
  1508 | D:3      | Found a runed translucent gate.
  1509 | D:3      | Found a runed translucent gate.
  1512 | D:3      | Found a runed translucent gate.
  1532 | D:3      | Noticed fleeber's ghost (amateur MiBe)
  1823 | D:3      | Found a glowing drain.
  1837 | Sewer    | Entered a sewer
  1934 | Sewer    | Reached XP level 5. HP: 45/50 MP: 4/4
  2177 | Sewer    | Reached XP level 6. HP: 30/59 MP: 5/5
  2420 | Sewer    | Reached XP level 7. HP: 62/66 MP: 6/6
  2536 | D:3      | Noticed Grinder
  2655 | D:3      | Noticed Robin
  2746 | D:3      | Killed Robin
  2746 | D:3      | Paralysed by Grinder for 6 turns
  2757 | D:3      | Paralysed by Grinder for 3 turns
  2776 | D:3      | Paralysed by Grinder for 4 turns
  2784 | D:3      | Killed Grinder
  3330 | D:4      | Noticed Pikel
  3352 | D:4      | Killed Pikel
  3353 | D:4      | Reached skill level 10 in Unarmed Combat
  3353 | D:4      | Reached XP level 8. HP: 75/78 MP: 7/7
  3675 | D:5      | Entered Level 5 of the Dungeon
  3946 | D:5      | Found a sparkling altar of Nemelex Xobeh.
  3957 | D:5      | Reached skill level 5 in Fighting
  4064 | D:5      | Reached XP level 9. HP: 78/92 MP: 8/8
  4224 | D:5      | Found a staircase to the Ecumenical Temple.
  4233 | Temple   | Entered the Ecumenical Temple
  4454 | Temple   | Became a worshipper of Ru the Awakened
  4458 | Temple   | Gained mutation: You are hated by all. [Ru sacrifice]
  4458 | Temple   | Reached * piety under Ru
  4652 | D:6      | Noticed Blork the orc
  4664 | D:6      | Killed Blork the orc
  5061 | D:6      | Found a white marble altar of Elyvilon.
  5420 | D:6      | Found a burning altar of Makhleb.
  5503 | D:6      | Found an ancient bone altar of Kikubaaqudgha.
  5722 | D:7      | Found a flagged portal.
  5742 | Bailey   | Entered a bailey
  6093 | Bailey   | Noticed a gargoyle
  6100 | Bailey   | Killed a gargoyle
  6204 | Bailey   | Identified the +1 robe of the Gloaming {Will+ Stlth+}
  6268 | Bailey   | Identified the +10 plate armour of Theory {rCorr Dex+7}
  6360 | Bailey   | Reached XP level 10. HP: 82/107 MP: 9/9
  6448 | D:7      | Noticed Harold
  6522 | D:7      | Gained mutation: You sometimes lose the ability to read
                  | scrolls when taking damage. [Ru sacrifice]
  6522 | D:7      | Reached ** piety under Ru
  6522 | D:7      | Reached *** piety under Ru
  6722 | D:7      | Killed Harold
  6723 | D:7      | Reached skill level 10 in Fighting
  7733 | D:8      | Noticed Grum
  7743 | D:8      | Noticed an orange demon
  7812 | D:8      | Killed Grum
  7913 | D:8      | Noticed a tengu warrior
  7928 | D:8      | Killed a tengu warrior
  8092 | D:8      | Found the +18 Lear's hauberk
  8493 | D:8      | Noticed a two-headed ogre
  8565 | D:8      | Killed a two-headed ogre
  8606 | D:8      | Found a radiant altar of Vehumet.
  8607 | D:8      | Found a shimmering altar of Xom.
  8689 | D:8      | Noticed Prince Ribbit
  8698 | D:8      | Killed Prince Ribbit
  8699 | D:8      | Reached XP level 11. HP: 111/123 MP: 10/10
  8862 | D:8      | Gained mutation: You are sensitive to extremes of
                  | temperature. (rF-, rC-) [Ru sacrifice]
  8862 | D:8      | Reached **** piety under Ru
  8862 | D:8      | Reached ***** piety under Ru
  9236 | D:9      | Noticed Maggie
  9300 | D:9      | Killed Maggie
  9866 | D:9      | Found a staircase to the Lair.
 10183 | D:10     | Entered Level 10 of the Dungeon
 10265 | D:10     | Reached skill level 1 in Throwing
 10355 | D:10     | Noticed a two-headed ogre
 10371 | D:10     | Noticed a boulder beetle
 10373 | D:10     | Killed a two-headed ogre
 10387 | D:9      | Killed a boulder beetle
 10461 | D:10     | Noticed a boulder beetle
 10462 | D:10     | Noticed a boulder beetle
 10464 | D:10     | Reached skill level 5 in Throwing
 10468 | D:10     | Noticed a catoblepas
 10469 | D:10     | Killed a boulder beetle
 10550 | D:10     | Killed a boulder beetle
 10551 | D:10     | Killed a catoblepas
 10748 | D:10     | Found the +10 dark maul {vorpal}
 10938 | D:10     | Found a faded altar of an unknown god.
 10938 | D:10     | Found a glowing silver altar of Zin.
 10963 | D:10     | Found a faded altar of an unknown god.
 10965 | D:10     | Found an ornate altar of the Wu Jian Council.
 10967 | D:10     | Found a glowing golden altar of the Shining One.
 11100 | D:10     | Found a runed translucent door.
 11101 | D:10     | Noticed Valamore's ghost (journeyman DEEE)
 11393 | D:11     | Reached XP level 12. HP: 118/129 MP: 11/11
 11635 | D:11     | Noticed a two-headed ogre
 11657 | D:11     | Killed a two-headed ogre
 11690 | D:11     | Found a staircase to the Orcish Mines.
 11947 | D:11     | Gained mutation: You are frail. (-10% HP) [Ru sacrifice]
 11947 | D:11     | Reached ****** piety under Ru
 12105 | D:11     | Noticed a two-headed ogre
 12115 | D:11     | Killed a two-headed ogre
 12372 | D:11     | Noticed a boulder beetle
 12379 | D:11     | Killed a boulder beetle
 12380 | D:11     | Reached skill level 10 in Throwing
 12468 | D:11     | Noticed a sphinx
 12482 | D:11     | Killed a sphinx
 12740 | Lair:1   | Entered Level 1 of the Lair of Beasts
 13079 | Lair:1   | Noticed a four-headed hydra
 13086 | Lair:1   | Killed a four-headed hydra
 13312 | Lair:1   | Noticed Fannar
 13333 | Lair:1   | Killed Fannar
 13951 | Lair:2   | Reached XP level 13. HP: 74/126 MP: 12/12
 14004 | Lair:2   | Found a frozen archway.
 14055 | IceCv    | Entered an ice cave
 14736 | IceCv    | Noticed a quicksilver ooze
 14743 | IceCv    | Killed a quicksilver ooze
 14755 | IceCv    | Reached skill level 15 in Unarmed Combat
 14824 | IceCv    | Noticed a quicksilver ooze
 14827 | IceCv    | Killed a quicksilver ooze
 14890 | IceCv    | Noticed an azure jelly
 14905 | IceCv    | Killed an azure jelly
 14957 | IceCv    | Noticed an azure jelly
 14967 | IceCv    | Killed an azure jelly
 14993 | IceCv    | Got the ring "Yvangidoj" {Ice Str+4}
 15475 | Lair:2   | Found a transporter.
 15501 | Lair:2   | Found a transporter.
 15505 | Lair:2   | Noticed Kranky's ghost (journeyman GnWn)
 16363 | Lair:2   | Killed Kranky's ghost
 16364 | Lair:2   | Identified the ring of Spite {rF+ rC- Str+3 Dex+4 Slay+4}
 16697 | Lair:3   | Reached XP level 14. HP: 115/124 MP: 4/13
 16863 | Lair:3   | Found a hole to the Spider Nest.
 17085 | Lair:3   | Found a staircase to the Swamp.
 17292 | Lair:3   | Found a runed translucent door.
 17293 | Lair:3   | Identified the +9 spear of the Penguin {flame, Str+2}
 17295 | Lair:3   | Noticed DocClef's ghost (journeyman VSFi)
 17570 | Lair:3   | Killed DocClef's ghost
 17794 | Lair:3   | Identified a scroll of acquirement
 17794 | Lair:3   | Acquired 368 gold pieces
 18833 | Lair:5   | Reached skill level 15 in Throwing
 19405 | Lair:5   | Found a staircase to the Slime Pits.
 19700 | Lair:6   | Entered Level 6 of the Lair of Beasts
 19980 | Lair:6   | Reached XP level 15. HP: 140/144 MP: 14/14
 20056 | Lair:6   | Identified the +4 plate armour of Leenuc {+Inv rC+ Regen+
                  | Str-3}
 20684 | Lair:6   | Found a runed translucent door.
 21169 | D:11     | Reached skill level 15 in Fighting
 21169 | D:11     | Reached XP level 16. HP: 158/158 MP: 15/15
 21409 | D:12     | Found Poqec's General Store.
 21414 | D:12     | Bought a scroll of teleportation for 36 gold pieces
 22537 | Orc:1    | Entered Level 1 of the Orcish Mines
 22987 | Orc:2    | Entered Level 2 of the Orcish Mines
 23021 | Orc:2    | Found a staircase to the Elven Halls.
 23149 | Orc:2    | Reached skill level 5 in Dodging
 23315 | Orc:2    | Found Umut's Weapon Emporium.
 23315 | Orc:2    | Found Yku Pem's Magic Scroll Boutique.
 23326 | Orc:2    | Killed from afar by an orc sorcerer

Illustrated notes

Levels and vault maps discovered:
D:1:      tarquinn_simple_flora_water_e, layout_basic
D:2:      layout_loops_ring, hellmonk_ecumenical_altar_slurped_away,
          lightli_corner_chamber
D:3:      layout_basic, cheibrodos_sewer_entry_bend, gammafunk_ghost_icy,
          uniq_grinder, uniq_robin
D:4:      layout_rooms, uniq_pikel
D:5:      layout_basic, nemelex_xobeh_ov_fountains_minmay,
          lemuel_temple_firewalk_b, corexii_leaking_fountain
D:6:      layout_basic, lemuel_round_altar, lemuel_zombie_altar_kikubaaqudgha,
          lightli_temple_of_fire, serial_co_window_serial, co_window_paths_a,
          co_window_corner_a, co_window_cross_1, co_window_paths_a,
          co_window_paths_b, co_window_unsneaky_path_e,
          co_window_of_opportunity_b, co_window_unsneaky_path_d,
          co_window_corner_cb, co_window_unsneaky_path_a, glass_columns_a,
          glass_columns_a, glass_columns_a, uniq_blork_the_orc
D:7:      layout_layer_cave, enter_bailey_5, minmay_misc_feat_alley, uniq_harold
D:8:      layout_layer_cave, mainiacjoe_overflow_divided_tiny,
          hangedman_decor_peaks_small, minmay_misc_feat_more_columns,
          hellmonk_guarded_unrand_lears, uniq_grum, uniq_prince_ribbit1
D:9:      layout_loops_cross, grunt_lair_entry_orc_guard_hut, uniq_maggie
D:10:     minmay_roctagon, layout_rooms, chequers_temple_overflow_minitemple,
          ebering_ghost_reflecting_pool
D:11:     minmay_sliced_demisemicircle, layout_loops_ring,
          kennysheep_orc_monster_closet_entryway
D:12:     layout_basic, serial_shops, nicolae_shop_hallway_stairs,
          grunt_decor_clamped
Temple:   nicolae_temple_figure_eight
Lair:1:   layout_cave_pods, st_stairs_9, hibernation_bobbens,
          infiniplex_staircase_pool, uniq_fannar
Lair:2:   layout_layer_cave, gammafunk_ghost_berserking_beasts,
          portal_ice_cave_entry_imps, grunt_megastairs_4, serial_bayou_shore_b
Lair:3:   layout_roguey, palyth_hydra_swamp_entry,
          nicolae_spider_entry_tight_spaces, ebering_ghost_funeral_grove,
          lemuel_fruit_fields
Lair:4:   layout_small_grid, lemuel_fruit_fields
Lair:5:   layout_loops_ring, slime_dummy, grunt_megastairs_1
Lair:6:   guppyfry_lair_end_dragon, layout_hall_layers, wormcave
Orc:1:    layout_caves, serial_shops, nicolae_shop_hallway_plus
Orc:2:    grunt_orc_tribal_feast, layout_caves, basic_altar, rock_pile

Skill      XL: |  1  2  3  4  5  6  7  8  9 10 11 12 13 14 15 16 |
---------------+-------------------------------------------------+-----
Unarmed Combat | 4 5 6 8 10 12 14 15 | 15.0
Fighting       | 3 6 9 12 13 15 | 15.0
Throwing       | 7 10 13 15 | 15.0
Dodging        | 6 |  6.3
Stealth        | |  1.0

Action                   |  1- 3 |  4- 6 |  7- 9 | 10-12 | 13-15 | 16-18 || total
-------------------------+-------+-------+-------+-------+-------+-------++-------
Melee: Unarmed           |    78 |   115 |   327 |   483 |   524 |   171 ||  1698
       Punch             |     5 |     3 |    13 |    37 |    62 |    19 ||   139
       Maul              |       |       |       |     4 |       |       ||     4
Throw: Throwing net      |       |       |       |     4 |       |       ||     4
       Boomerang         |       |       |       |    14 |    96 |       ||   110
       Large rock        |       |       |       |     5 |     3 |     1 ||     9
       Javelin           |       |       |       |       |       |     2 ||     2
Invok: Sacrifice Love    |       |       |     1 |       |       |       ||     1
       Sacrifice Words   |       |       |       |     1 |       |       ||     1
       Apocalypse        |       |       |       |     4 |     6 |     2 ||    12
       Draw Out Power    |       |       |       |     2 |     1 |       ||     3
       Sacrifice Resista |       |       |       |     1 |       |       ||     1
       Sacrifice Health  |       |       |       |     1 |       |       ||     1
  Use: Scroll            |       |     1 |     7 |     9 |     9 |       ||    26
       Potion            |       |       |       |     2 |     4 |     1 ||     7
 Stab: Sleeping          |     5 |     1 |       |     3 |       |       ||     9
       Distracted        |       |       |     1 |     2 |     4 |     2 ||     9
       Held in net/web   |       |       |       |     2 |       |       ||     2
       Paralysed         |       |       |       |     7 |    16 |     2 ||    25
       Invisible         |       |       |       |     6 |     7 |       ||    13
Armor: Robe              |    34 |    28 |   184 |    73 |       |       ||   319
       Acid dragon scale |       |       |       |   171 |    20 |       ||   191
       Ice dragon scales |       |       |       |       |   161 |    75 ||   236
Dodge: Dodged            |    31 |    37 |   199 |   197 |   154 |    57 ||   675
